 Dungeon Crawl Stone Soup version 0.29-a0-716-gf28ee254f9 (webtiles) character file.

Game seed: 5659981268066327525

455 Querens the Covered (level 7, -14/60 HPs)
             Began as a Meteoran Fighter on June 26, 2022.
             Demolished by an ogre
             ... wielding a +0 giant club
              (18 damage)
             ... on level 4 of the Dungeon.
             The game lasted 00:05:54 (1645 turns).

Querens the Covered (Meteoran Fighter)              Turns: 1645, Time: 00:05:55

Health: -14/60     AC:  7    Str: 19    XL:     7   Next: 52%
Magic:  8/8        EV: 10    Int: 10    God:
Gold:   120        SH:  5    Dex: 14    Spells: 6/6 levels left

rFire   + . .      SeeInvis .   a - +0 war axe
rCold   . . .      Faith    .   c - +0 buckler
rNeg    . . .      Spirit   .   b - +0 scale mail
rPois   .          Reflect  .   (no helmet)
rElec   .          Harm     .   (no cloak)
rCorr   .          Rampage  .   (no gloves)
Will    .....                   (no boots)
Stlth   ..........              (no amulet)
HPRegen 0.20/turn               e - ring of protection from fire
MPRegen 0.11/turn               (no ring)

@: glowing, studying Throwing
A: sense surroundings 1, otherworldly, glowing, explore regen
a: no special abilities


You were on level 4 of the Dungeon.
You visited 1 branch of the dungeon, and saw 4 of its levels.

You collected 120 gold pieces.

Inventory:

Hand Weapons
 a - a +0 war axe (weapon)
Missiles
 t - a curare-tipped dart (quivered)
Armour
 b - a +0 scale mail (worn)
 c - a +0 buckler (worn)
Magical Staves
 l - a staff of death
Jewellery
 e - a ring of protection from fire (left hand)
 r - an amulet of the acrobat
Wands
 q - a wand of light (4)
Scrolls
 f - a scroll of poison {unknown}
 h - 2 scrolls of torment {unknown}
 i - a scroll of identify
 j - a scroll of immolation {unknown}
 n - 3 scrolls of teleportation
 p - a scroll of fear {unknown}
 s - a scroll of blinking {unknown}
Potions
 d - a potion of might
 g - a potion of lignification
 k - a potion of berserk rage
 m - a potion of invisibility
 o - a potion of flight


   Skills:
 + Level 4.8 Fighting
 + Level 4.5 Axes
 + Level 5.3 Armour
 + Level 3.0 Dodging
 + Level 5.2 Shields


You had 6 spell levels left.
You didn't know any spells.
Your spell library contained the following spells:

 Spells                   Type           Power      Damage    Failure   Level
 Beastly Appendage        Tmut           0%         N/A       80%         1
 Sting                    Tmut/Pois      0%         1d3       80%         1
 Poisonous Vapours        Pois/Air       0%         N/A       91%         2
 Wereblood                Tmut           0%         N/A       91%         2
 Ozocubu's Armour         Ice            0%         N/A       99%         3
 Spider Form              Tmut/Pois      0%         N/A       99%         3
 Olgreb's Toxic Radiance  Pois           0%         N/A       100%        4
 Ozocubu's Refrigeration  Ice            0%         4d5       100%        7


Dungeon Overview and Level Annotations

Branches:
Dungeon (4/15) Zot: 683
 Temple: D:4-7

Altars:
Kikubaaqudgha
Qazlal


Innate Abilities, Weirdness & Mutations

You passively map a small area around you.
You are easily found by Zot.
You glow in the dark.
You regain HP and MP as you explore.


Message History

The adder hisses angrily.
The adder moves out of view.
An ogre comes into view. It is wielding a +0 giant club.
You completely miss the ogre. The ogre barely misses you. The adder bites you.
You slash the ogre!
The ogre is heavily wounded.
You miss the adder. The adder bites you but does no damage.
The ogre hits you with a +0 giant club! The adder closely misses you.
You barely miss the ogre.
The ogre is heavily wounded.
You slash the adder! The adder bites you but does no damage.
The ogre barely misses you.
You closely miss the ogre.
The ogre is heavily wounded.
You slash the adder!
You kill the adder!
The ogre closely misses you.
You hit the ogre.
The ogre is heavily wounded.
You hit the ogre.
The ogre is heavily wounded.
The ogre hits you with a +0 giant club!!
* * * LOW HITPOINT WARNING * * *
You barely miss the ogre.
The ogre is heavily wounded.
You block the ogre's attack.
You hit the ogre.
The ogre is severely wounded.
You block the ogre's attack.
You barely miss the ogre.
The ogre is severely wounded.
You block the ogre's attack.
You closely miss the ogre.
The ogre is severely wounded.
The ogre hits you with a +0 giant club!
* * * LOW HITPOINT WARNING * * *
You barely miss the ogre.
The ogre is severely wounded.
The ogre hits you with a +0 giant club!!
You die...

, * # # # , # ###### #
#####....# #........#
#.###@O..# * #.#.#†####
########
#...#.#########....... ,
#.....##.........†..##
...#.#.####............#
.........<.......)......#
,
#...#.#.#.##............#
* ,
#...#.#.#...#...........#
#..,# #.#.###############


You could see an ogre.

Vanquished Creatures
  2 kobold brigands (D:4)
  A bullfrog (D:3)
  A killer bee (D:4)
  An orc priest (D:3)
  An iguana (D:4)
  A gnoll (D:1)
  7 adders
  2 worms
  A dart slug (D:3)
  10 orcs
  2 ball pythons
  5 bats
  4 endoplasms
  A giant cockroach (D:1)
  8 goblins
  4 hobgoblins
  5 kobolds
  4 quokkas
  6 frilled lizards
  6 rats
72 creatures vanquished.

Vanquished Creatures (others)
  A fungus (D:4)
1 creature vanquished.

Grand Total: 73 creatures vanquished

Notes
Turn   | Place    | Note
-------+----------+-------------------------------------------
     0 | D:1      | Querens the Meteoran Fighter began the quest for the Orb.
     0 | D:1      | Reached XP level 1. HP: 19/19 MP: 2/2
    85 | D:1      | Reached XP level 2. HP: 26/26 MP: 3/3
   206 | D:1      | Reached XP level 3. HP: 31/31 MP: 4/4
   218 | D:1      | Found a faded altar of an unknown god.
   402 | D:2      | Reached XP level 4. HP: 40/40 MP: 5/5
  1064 | D:3      | Noticed a bullfrog
  1093 | D:3      | Killed a bullfrog
  1094 | D:3      | Reached skill level 1 in Dodging
  1094 | D:3      | Reached XP level 5. HP: 17/46 MP: 6/6
  1263 | D:3      | Found an ancient bone altar of Kikubaaqudgha.
  1273 | D:3      | Reached XP level 6. HP: 45/52 MP: 7/7
  1352 | D:3      | Found a stormy altar of Qazlal.
  1554 | D:4      | Reached skill level 5 in Armour
  1579 | D:4      | Reached skill level 5 in Shields
  1579 | D:4      | Reached XP level 7. HP: 14/60 MP: 8/8
  1645 | D:4      | Demolished by an ogre

Illustrated notes

Levels and vault maps discovered:
D:1:      psy_arrival_fountain, layout_rooms,
          shapermc_ecumenical_altar_mp_highgroup, chequers_mini_garden
D:2:      layout_basic, minmay_statues_item
D:3:      layout_basic, general_overflow_altar,
          mainiacjoe_overflow_cross_hatched
D:4:      lemuel_castle_with_subvaults [lemuel_castle_interior_carwin_3],
          layout_basic, minmay_manual_mess, uniq_blork_the_orc, uniq_duvessa,
          uniq_crazy_yiuf_cottage

Skill      XL: |  1  2  3  4  5  6 |
---------------+-------------------+-----
Armour         | 4 5 |  5.3
Axes           | 3 4 |  4.5
Shields        | 4 5 |  5.2
Fighting       | 4 |  4.8
Dodging        | 1 3 |  3.0

Action                   |  1- 3 |  4- 6 |  7- 9 || total
-------------------------+-------+-------+-------++-------
Melee: War axe           |    54 |   117 |    23 ||   194
Evoke: Wand              |       |     3 |       ||     3
  Use: Scroll            |       |     5 |       ||     5
 Stab: Invisible         |       |     1 |       ||     1
Armor: Scale mail        |    36 |    51 |     6 ||    93
Dodge: Dodged            |    18 |    51 |     9 ||    78
Block: Buckler           |    18 |    39 |     5 ||    62

Table legend: (Time is in decaauts)
 A = Elapsed time spent in this place.
 B = Non-inter-level travel time spent in this place.
 C = Inter-level travel time spent in this place.
 D = Time resting spent in this place.
 E = Time spent auto-exploring this place.
 F = Levels seen in this place.
 G = Mean time per level.
                   A        B        C        D        E       F      G
               +--------+--------+--------+--------+--------+-----+--------+
         Total |   1715 |   1592 |    123 |      0 |      0 |   4 |  428.8 |
       Dungeon |   1715 |   1592 |    123 |      0 |      0 |   4 |  428.8 |
               +--------+--------+--------+--------+--------+-----+--------+

Top non-repeatable levels by time:
     D:3: 609 daAuts
     D:2: 550 daAuts
     D:1: 413 daAuts
     D:4: 142 daAuts
